 Dungeon Crawl Stone Soup version 0.27-a0-54-g64bdb92e38 (webtiles) character file.

Game seed: 1033468982363517527

60 runemasterragnar the Skirmisher (level 4, 0/50 HPs)
             Began as an Ogre Monk on Jan 8, 2021.
             Slain by a bullfrog zombie (7 damage)
             ... on level 4 of the Dungeon.
             The game lasted 00:01:38 (1335 turns).

runemasterragnar the Skirmisher (Ogre Monk)         Turns: 1335, Time: 00:01:39

Health: 0/50       AC:  3    Str: 15    XL:     4   Next: 6%
Magic:  4/4        EV: 10    Int: 12    God:
Gold:   99         SH:  0    Dex: 11    Spells: 3/3 levels left

rFire    . . .     SeeInvis .   a - +0 mace
rCold    . . .     Faith    .   (no shield)
rNeg     . . .     Spirit   .   b - +0 robe
rPois    .         Reflect  .   (helmet restricted)
rElec    .         Harm     .   (no cloak)
rCorr    .         Rampage  .   (gloves unavailable)
Will     .....                  (boots unavailable)
Stlth    ++........             (no amulet)
HPRegen  0.16/turn              (no ring)
MPRegen  0.09/turn              (no ring)

@: no status effects
A: large, unfitting armour, tough skin 1
a: no special abilities


You were on level 4 of the Dungeon.
You visited 1 branch of the dungeon, and saw 4 of its levels.

You collected 99 gold pieces.

Inventory:

Hand Weapons
 a - a +0 mace (weapon)
 l - a +0 flail
Missiles
 i - 8 poisoned darts (quivered)
Armour
 b - a +0 robe (worn)
Scrolls
 c - a scroll of immolation {unknown}
 d - 5 scrolls of identify {unknown}
 f - a scroll of blinking {unknown}
 g - a scroll of magic mapping {unknown}
 h - 3 scrolls of remove curse {unknown}
 j - a scroll of fog {unknown}
 k - a scroll of enchant weapon {unknown}
Potions
 e - a potion of heal wounds {unknown}


   Skills:
 * Level 5.2 Fighting
 + Level 3.1 Maces & Flails
 + Level 0.7 Throwing
 + Level 3.1 Dodging
 - Level 1.4 Stealth


You had 3 spell levels left.
You didn't know any spells.
Your spell library was empty.

Dungeon Overview and Level Annotations

Branches:
Dungeon (4/15)
 Temple: D:4-7

Altars:


Innate Abilities, Weirdness & Mutations

You are too large for most types of armour.
You have tough skin. (AC +1)


Message History

The bullfrog zombie is lightly damaged.
The bullfrog zombie closely misses you.
The bullfrog zombie hits you but does no damage.
You sock the bullfrog zombie!
The bullfrog zombie is moderately damaged.
The bullfrog zombie hits you. The bullfrog zombie barely misses you.
You barely miss the bullfrog zombie.
The bullfrog zombie is moderately damaged.
The bullfrog zombie hits you!
* * * LOW HITPOINT WARNING * * *
You hit the bullfrog zombie.
The bullfrog zombie is moderately damaged.
The bullfrog zombie barely misses you. The bullfrog zombie hits you.
* * * LOW HITPOINT WARNING * * *
You hit the bullfrog zombie.
The bullfrog zombie is heavily damaged.
The bullfrog zombie hits you.
* * * LOW HITPOINT WARNING * * *
The bullfrog zombie hits you!
You die...

.. .#
..#######.#
......##.#
#..##.##.#
+....[...#
##..##.##.#
###...##.##.#
#...Z@......#
....###.##.##.#
. #.##.##.#
#.......######
.###....<....#
. #########.#
#. #.


You could see a bullfrog zombie.

Vanquished Creatures
  Terence (D:3)
  An ooze (D:2)
  A dart slug (D:3)
  A leopard gecko (D:2)
  3 bats (D:1)
  A giant cockroach (D:1)
  A goblin (D:1)
  4 hobgoblins
  4 jackals (D:2)
  2 frilled lizards
  5 kobolds
  4 rats
28 creatures vanquished.

Vanquished Creatures (others)
  A bat (D:2)
1 creature vanquished.

Grand Total: 29 creatures vanquished

Notes
Turn   | Place    | Note
-------+----------+-------------------------------------------
     0 | D:1      | runemasterragnar the Ogre Monk began the quest for the Orb.
     0 | D:1      | Reached XP level 1. HP: 24/24 MP: 1/1
   287 | D:1      | Reached XP level 2. HP: 25/33 MP: 2/2
   860 | D:2      | Reached XP level 3. HP: 41/41 MP: 3/3
  1036 | D:3      | Noticed Terence
  1058 | D:3      | Killed Terence
  1059 | D:3      | Reached skill level 5 in Fighting
  1059 | D:3      | Reached XP level 4. HP: 19/50 MP: 4/4
  1335 | D:4      | Slain by a bullfrog zombie

Illustrated notes

Levels and vault maps discovered:
D:1:      minmay_arrival_semitransparent, layout_basic
D:2:      layout_rooms, vehumet_crystals, elyvilon_altar_4
D:3:      layout_loops_ring, chequers_temple_overflow_statue_of_worship,
          uniq_terence
D:4:      layout_loops_ring, nicolae_overflow_crystal_walls,
          nzn_hepliaklqana_mist_gate, lemuel_crystal_altar,
          minmay_divided_ellipse, uniq_blork_the_orc, uniq_natasha, uniq_duvessa

Skill      XL: |  1  2  3 |
---------------+----------+-----
Maces & Flails | 3 |  3.1
Dodging        | 3 |  3.1
Fighting       | 5 |  5.2
Throwing       | |  0.7
Stealth        | |  1.4

Action                   |  1- 3 |  4- 6 || total
-------------------------+-------+-------++-------
Melee: Mace              |   105 |    14 ||   119
Throw: Dart              |     3 |       ||     3
 Stab: Sleeping          |     3 |       ||     3
Armor: Robe              |    38 |     2 ||    40
Dodge: Dodged            |    78 |    10 ||    88

Table legend: (Time is in decaauts)
 A = Elapsed time spent in this place.
 B = Non-inter-level travel time spent in this place.
 C = Inter-level travel time spent in this place.
 D = Time resting spent in this place.
 E = Time spent auto-exploring this place.
 F = Levels seen in this place.
 G = Mean time per level.
                   A        B        C        D        E       F      G
               +--------+--------+--------+--------+--------+-----+--------+
         Total |   1365 |   1309 |     56 |      0 |   1023 |   4 |  341.2 |
       Dungeon |   1365 |   1309 |     56 |      0 |   1023 |   4 |  341.2 |
               +--------+--------+--------+--------+--------+-----+--------+

Top non-repeatable levels by time:
     D:1: 824 daAuts
     D:3: 341 daAuts
     D:2: 168 daAuts
     D:4: 31 daAuts
